TOP OF THE 1ST |
Altoona Curve batting - Pitching for San Jose Giants : RHP Dan Post
|
Pitching: RHP Dan Post
|
|
Batting: RHB Nelson Ozuna
|
0-0: Ball 1-0: Called Strike 1-1: Ball 2-1: Foul Ball, location: 2F 2-2: Ball 3-2: Base on Balls
|
Batting: RHB John Goynes
|
0-0: Ball Nelson Ozuna steals 2nd base 1-0: Swinging Strike 1-1: Ball 2-1: Fly out, F8 (Line Drive, 8LD, EV 90.0 MPH)
|
Batting: LHB Micah Boshnjaku
|
0-0: Called Strike 0-1: Swinging Strike 0-2: Strikes out swinging
|
Batting: RHB Jeremy Boerman
|
0-0: Called Strike 0-1: Ball 1-1: Ball 2-1: Ground out 6-3 (Groundball, 6, EV 91.9 MPH)
|
Top of the 1st over - 0 runs, 0 hits, 0 errors, 1 left on base; Altoona 0 - San Jose 0 |
BOTTOM OF THE 1ST |
San Jose Giants batting - Pitching for Altoona Curve : RHP Josh Markham
|
Pitching: RHP Josh Markham
|
|
Batting: LHB Josh Straub
|
0-0: Ball 1-0: Foul Ball, location: 2F 1-1: Swinging Strike 1-2: Strikes out swinging
|
Batting: RHB Devin Lowery
|
0-0: Called Strike 0-1: Foul Ball, location: 2F 0-2: Strikes out swinging
|
Batting: RHB Mike Buchanan
|
0-0: Called Strike 0-1: Ball 1-1: Foul Ball, location: 2F 1-2: Ground out 6-3 (Groundball, 56, EV 109.4 MPH)
|
Bottom of the 1st over - 0 runs, 0 hits, 0 errors, 0 left on base; Altoona 0 - San Jose 0 |
TOP OF THE 2ND |
Altoona Curve batting - Pitching for San Jose Giants : RHP Dan Post
|
Batting: RHB Brian Moore
|
0-0: Called Strike 0-1: Ball 1-1: Called Strike 1-2: Foul Ball, location: 2F 1-2: SINGLE (Groundball, 6MD, EV 95.0 MPH)
|
Batting: LHB Jesse Henly
|
0-0: Ball 1-0: Called Strike 1-1: Foul Ball, location: 2F 1-2: Ball 2-2: Strikes out swinging
|
Batting: LHB Aito Harada
|
0-0: Reached on error, E3 (Groundball, 3, EV 85.0 MPH) Brian Moore to second
|
Batting: RHB Keiji Nakajima
|
0-0: Ball 1-0: Ground out 5-3 (Groundball, 5S, EV 69.4 MPH) Brian Moore to third Aito Harada to second
|
Batting: RHB Killian Jones
|
0-0: Called Strike 0-1: Fly out, F9 (Flyball, 9S, EV 88.1 MPH)
|
Top of the 2nd over - 0 runs, 1 hit, 1 error, 2 left on base; Altoona 0 - San Jose 0 |
BOTTOM OF THE 2ND |
San Jose Giants batting - Pitching for Altoona Curve : RHP Josh Markham
|
Batting: LHB J.P. Olson
|
0-0: Ball 1-0: Foul Ball, location: 2F 1-1: Swinging Strike 1-2: Foul Ball, location: 2F 1-2: Ball 2-2: Foul Ball, location: 2F 2-2: Foul Ball, location: 2F 2-2: Ball 3-2: SINGLE (Line Drive, 56D, EV 101.2 MPH)
|
Batting: RHB Doug Kennie
|
0-0: Called Strike J.P. Olson steals 2nd base 0-1: SINGLE (Groundball, 5D, EV 103.8 MPH) J.P. Olson to third
|
Batting: LHB Pong-keun Koh
|
0-0: Ball 1-0: Ball 2-0: Called Strike 2-1: SINGLE (Groundball, 5D, EV 103.8 MPH) J.P. Olson scores Doug Kennie to second
|
Batting: RHB Josh Lippens
|
0-0: Swinging Strike 0-1: Ball 1-1: Foul Ball, location: 2F 1-2: Fielders Choice at 2nd, 3-6 (Groundball, 3, EV 89.4 MPH) Doug Kennie to third
|
Batting: RHB Micah McErlean
|
0-0: Ball 1-0: Foul Ball, location: 2F 1-1: Called Strike 1-2: Fielders Choice at 2nd, 5-4 (Groundball, 56, EV 100.6 MPH) Doug Kennie scores
|
Batting: RHB Gabe Ochoa
|
0-0: Called Strike 0-1: Foul Ball, location: 2F 0-2: Ball 1-2: Ball 2-2: Strikes out looking
|
Bottom of the 2nd over - 2 runs, 3 hits, 0 errors, 1 left on base; Altoona 0 - San Jose 2 |
TOP OF THE 3RD |
Altoona Curve batting - Pitching for San Jose Giants : RHP Dan Post
|
Batting: RHB Nelson Ozuna
|
0-0: Called Strike 0-1: Swinging Strike 0-2: Ground out 6-3 (Groundball, 6, EV 110.6 MPH)
|
Batting: RHB John Goynes
|
0-0: TRIPLE (Line Drive, 89XD, EV 102.5 MPH)
|
Batting: LHB Micah Boshnjaku
|
0-0: Called Strike 0-1: Foul Ball, location: 2F 0-2: Strikes out swinging
|
Batting: RHB Jeremy Boerman
|
0-0: Called Strike 0-1: Called Strike 0-2: Foul Ball, location: 2F 0-2: Foul Ball, location: 2F 0-2: Ball 1-2: Foul Ball, location: 2F 1-2: SINGLE (Groundball, 56S, EV 67.5 MPH) (infield hit) John Goynes scores
|
Batting: RHB Brian Moore
|
0-0: Ball Jeremy Boerman steals 2nd base 1-0: Ball 2-0: Ball 3-0: Called Strike 3-1: Foul Ball, location: 2F 3-2: Fly out, F3 (Line Drive, 4, EV 70.0 MPH)
|
Top of the 3rd over - 1 run, 2 hits, 0 errors, 1 left on base; Altoona 1 - San Jose 2 |
BOTTOM OF THE 3RD |
San Jose Giants batting - Pitching for Altoona Curve : RHP Josh Markham
|
Batting: LHB Josh Straub
|
0-0: Ball 1-0: Ball 2-0: Ball 3-0: Called Strike 3-1: DOUBLE (Line Drive, 78M, EV 97.5 MPH)
|
Batting: RHB Devin Lowery
|
0-0: Fly out, F8 (Flyball, 8LS, EV 83.1 MPH)
|
Batting: RHB Mike Buchanan
|
0-0: Called Strike 0-1: Ball 1-1: Foul Ball, location: 2F 1-2: DOUBLE (Line Drive, 7LS, EV 91.2 MPH) Josh Straub scores
|
Batting: LHB J.P. Olson
|
0-0: Ball 1-0: Foul Ball, location: 2F 1-1: Ball 2-1: Swinging Strike 2-2: Fly out, F7 (Flyball, 7, EV 93.1 MPH)
|
Batting: RHB Doug Kennie
|
0-0: Called Strike 0-1: Ball 1-1: Swinging Strike 1-2: Foul Ball, location: 2F 1-2: Ball 2-2: Foul Ball, location: 2F 2-2: Strikes out looking
|
Bottom of the 3rd over - 1 run, 2 hits, 0 errors, 1 left on base; Altoona 1 - San Jose 3 |
TOP OF THE 4TH |
Altoona Curve batting - Pitching for San Jose Giants : RHP Dan Post
|
Batting: LHB Jesse Henly
|
0-0: Ball 1-0: Ball 2-0: Ball 3-0: Base on Balls
|
Batting: LHB Aito Harada
|
0-0: Called Strike 0-1: Called Strike Jesse Henly steals 2nd base 0-2: Ball 1-2: Foul Ball, location: 2F 1-2: Foul Ball, location: 2F 1-2: Foul Ball, location: 2F 1-2: Ground out 3-1 (Groundball, 34S, EV 88.8 MPH) Jesse Henly to third
|
Batting: RHB Keiji Nakajima
|
0-0: Ball Wild Pitch! Jesse Henly scores 1-0: Ground out 4-3 (Groundball, 34, EV 91.2 MPH)
|
Batting: RHB Killian Jones
|
0-0: Ball 1-0: Ball 2-0: Foul Ball, location: 2F 2-1: Foul Ball, location: 2F 2-2: Ball 3-2: SINGLE (Groundball, 6MD, EV 96.9 MPH)
|
Batting: RHB Nelson Ozuna
|
0-0: Foul Ball, location: 2F 0-1: Fly out, F8 (Flyball, 78XD, EV 105.6 MPH)
|
Top of the 4th over - 1 run, 1 hit, 0 errors, 1 left on base; Altoona 2 - San Jose 3 |
BOTTOM OF THE 4TH |
San Jose Giants batting - Pitching for Altoona Curve : RHP Josh Markham
|
Batting: LHB Pong-keun Koh
|
0-0: Foul Ball, location: 2F 0-1: Foul Ball, location: 2F 0-2: Ball 1-2: Foul Ball, location: 2F 1-2: Foul Ball, location: 2F 1-2: Foul Ball, location: 2F 1-2: Ground out U3 (Groundball, 3, EV 104.4 MPH)
|
Batting: RHB Josh Lippens
|
0-0: Ball 1-0: Foul Ball, location: 2F 1-1: Ball 2-1: Ball 3-1: Base on Balls
|
Batting: RHB Micah McErlean
|
0-0: DOUBLE (Groundball, 5L, EV 106.2 MPH) Josh Lippens to third Josh Lippens scores
|
Batting: RHB Gabe Ochoa
|
0-0: Ball 1-0: Swinging Strike 1-1: Ball 2-1: Ball 3-1: Called Strike 3-2: SINGLE (Flyball, 56D, EV 95.0 MPH) Micah McErlean to third
|
Batting: LHB Josh Straub
|
0-0: Called Strike 0-1: Ball 1-1: Ball 2-1: Fielders Choice at 2nd, 4-6 (Groundball, 4, EV 92.5 MPH) Micah McErlean scores
|
Pitching: RHP Mike Rosen
|
|
Batting: RHB Devin Lowery
|
0-0: Ball Josh Straub steals 2nd base 1-0: Called Strike 1-1: Ball 2-1: TRIPLE (Flyball, 9D, EV 99.4 MPH) Josh Straub scores
|
Batting: RHB Mike Buchanan
|
0-0: Foul Ball, location: 2F 0-1: Ball 1-1: Ball 2-1: SINGLE (Line Drive, 89S, EV 104.4 MPH) Devin Lowery scores
|
Batting: LHB J.P. Olson
|
0-0: Ball Mike Buchanan steals 2nd base (no throw) 1-0: Called Strike 1-1: Ball 2-1: SINGLE (Flyball, 6MD, EV 86.9 MPH) Mike Buchanan to third Runner from 3rd tries for Home, SAFE, throw by CF to home J.P. Olson to second
|
Batting: RHB Doug Kennie
|
0-0: Ball 1-0: Ball 2-0: Ground out U3 (Groundball, 34, EV 88.8 MPH)
|
Bottom of the 4th over - 5 runs, 5 hits, 0 errors, 1 left on base; Altoona 2 - San Jose 8 |
TOP OF THE 5TH |
Altoona Curve batting - Pitching for San Jose Giants : RHP Dan Post
|
Batting: RHB John Goynes
|
0-0: Ball 1-0: Ball 2-0: Called Strike 2-1: Foul Ball, location: 2F 2-2: Ball 3-2: Foul Ball, location: 2F 3-2: Ground out 6-3 (Groundball, 6, EV 82.5 MPH)
|
Batting: LHB Micah Boshnjaku
|
0-0: Ball 1-0: Swinging Strike 1-1: Called Strike 1-2: Foul Ball, location: 2F 1-2: Ball 2-2: Ball 3-2: Strikes out looking
|
Batting: RHB Jeremy Boerman
|
0-0: Ball 1-0: Called Strike 1-1: Foul Ball, location: 2F 1-2: Strikes out swinging
|
Top of the 5th over - 0 runs, 0 hits, 0 errors, 0 left on base; Altoona 2 - San Jose 8 |
BOTTOM OF THE 5TH |
San Jose Giants batting - Pitching for Altoona Curve : RHP Mike Rosen
|
Batting: LHB Pong-keun Koh
|
0-0: Ground out 3-1 (Groundball, 34, EV 83.1 MPH)
|
Batting: RHB Josh Lippens
|
0-0: Ground out 4-3 (Groundball, 4, EV 100.6 MPH)
|
Batting: RHB Micah McErlean
|
0-0: Ball 1-0: Ball 2-0: Called Strike 2-1: Ground out 5-3 (Groundball, 5, EV 85.0 MPH)
|
Bottom of the 5th over - 0 runs, 0 hits, 0 errors, 0 left on base; Altoona 2 - San Jose 8 |
TOP OF THE 6TH |
Altoona Curve batting - Pitching for San Jose Giants : RHP Dan Post
|
Batting: RHB Brian Moore
|
0-0: Called Strike 0-1: Ball 1-1: Ground out 3-1 (Groundball, 34, EV 97.5 MPH)
|
Batting: LHB Jesse Henly
|
0-0: Ball 1-0: Ball 2-0: Ball 3-0: Base on Balls
|
Pitching: RHP Evan Boy
|
|
Batting: LHB Aito Harada
|
0-0: Ball 1-0: Foul Ball, location: 2F 1-1: Foul Ball, location: 2F 1-2: Ball 2-2: Strikes out swinging
|
Batting: RHB Keiji Nakajima
|
0-0: Called Strike 0-1: Fielders Choice at 2nd, U4 (Groundball, 4M, EV 81.2 MPH)
|
Top of the 6th over - 0 runs, 0 hits, 0 errors, 1 left on base; Altoona 2 - San Jose 8 |
BOTTOM OF THE 6TH |
San Jose Giants batting - Pitching for Altoona Curve : RHP Mike Rosen
|
Batting: RHB Gabe Ochoa
|
0-0: Ground out 3-1 (Groundball, 34, EV 95.6 MPH)
|
Batting: LHB Josh Straub
|
0-0: Ball 1-0: Ball 2-0: SINGLE (Line Drive, 78S, EV 105.6 MPH)
|
Batting: RHB Devin Lowery
|
0-0: Ball 1-0: Called Strike 1-1: Called Strike 1-2: Strikes out swinging
|
Batting: RHB Mike Buchanan
|
0-0: Called Strike Josh Straub steals 2nd base 0-1: DOUBLE (Line Drive, 7LS, EV 106.2 MPH) Josh Straub scores
|
Batting: LHB J.P. Olson
|
0-0: Ball 1-0: Ball 2-0: Ball 3-0: Foul Ball, location: 2F 3-1: Base on Balls
|
Batting: RHB Doug Kennie
|
0-0: Called Strike 0-1: Swinging Strike 0-2: Ball 1-2: SINGLE (Groundball, 6M, EV 98.8 MPH) Mike Buchanan to third J.P. Olson to second Runner from 3rd tries for Home, SAFE, throw by CF to home
|
Batting: LHB Pong-keun Koh
|
0-0: Ball 1-0: Ball 2-0: Fly out, F9 (Line Drive, 9, EV 94.4 MPH)
|
Bottom of the 6th over - 2 runs, 3 hits, 0 errors, 2 left on base; Altoona 2 - San Jose 10 |
TOP OF THE 7TH |
Altoona Curve batting - Pitching for San Jose Giants : RHP Evan Boy
|
Batting: RHB Killian Jones
|
0-0: Called Strike 0-1: Swinging Strike 0-2: Ball 1-2: Strikes out swinging
|
Batting: RHB Nelson Ozuna
|
0-0: Called Strike 0-1: Ball 1-1: Ball 2-1: Foul Ball, location: 2F 2-2: Foul Ball, location: 2F 2-2: SINGLE (Line Drive, 7LS, EV 89.4 MPH)
|
Batting: RHB John Goynes
|
0-0: Ball 1-0: Reached on error, E5 (Groundball, 56S, EV 78.8 MPH) Nelson Ozuna to second
|
Batting: LHB Micah Boshnjaku
|
0-0: Ball 1-0: Ball 2-0: Ball 3-0: Swinging Strike 3-1: Base on Balls Nelson Ozuna to third John Goynes to second
|
Batting: RHB Jeremy Boerman
|
0-0: Swinging Strike 0-1: Swinging Strike 0-2: Strikes out swinging
|
Batting: RHB Brian Moore
|
0-0: Called Strike 0-1: Called Strike 0-2: Foul Ball, location: 2F 0-2: Ball 1-2: Foul Ball, location: 2F 1-2: Strikes out swinging
|
Top of the 7th over - 0 runs, 1 hit, 1 error, 3 left on base; Altoona 2 - San Jose 10 |
BOTTOM OF THE 7TH |
San Jose Giants batting - Pitching for Altoona Curve : RHP Mike Rosen
|
Batting: RHB Josh Lippens
|
0-0: Ball 1-0: Fly out, F8 (Line Drive, 8RD, EV 86.2 MPH)
|
Batting: RHB Micah McErlean
|
0-0: SINGLE (Line Drive, 8LS, EV 108.8 MPH)
|
Batting: RHB Gabe Ochoa
|
0-0: Ball 1-0: Ball 2-0: Called Strike 2-1: Foul Ball, location: 2F 2-2: Strikes out swinging
|
Batting: LHB Josh Straub
|
0-0: Ball 1-0: Ball 2-0: Ball 3-0: Called Strike 3-1: Base on Balls Micah McErlean to second
|
Pitching: RHP Adam Monge
|
|
Batting: RHB Devin Lowery
|
0-0: Called Strike 0-1: Swinging Strike 0-2: Foul Ball, location: 2F 0-2: Ball 1-2: Strikes out swinging
|
Bottom of the 7th over - 0 runs, 1 hit, 0 errors, 2 left on base; Altoona 2 - San Jose 10 |
TOP OF THE 8TH |
Altoona Curve batting - Pitching for San Jose Giants : RHP Evan Boy
|
Pitching: LHP Tommy McCusker
|
|
Batting: LHB Jesse Henly
|
0-0: Ball 1-0: Swinging Strike 1-1: Ball 2-1: Called Strike 2-2: Foul Ball, location: 2F 2-2: Foul Ball, location: 2F 2-2: Ground out U3 (Groundball, 3, EV 92.5 MPH)
|
Batting: LHB Aito Harada
|
0-0: Ground out 4-3 (Groundball, 4, EV 85.6 MPH)
|
Batting: RHB Keiji Nakajima
|
0-0: Called Strike 0-1: Ball 1-1: Swinging Strike 1-2: Ball 2-2: Strikes out swinging
|
Top of the 8th over - 0 runs, 0 hits, 0 errors, 0 left on base; Altoona 2 - San Jose 10 |
BOTTOM OF THE 8TH |
San Jose Giants batting - Pitching for Altoona Curve : RHP Adam Monge
|
Batting: RHB Mike Buchanan
|
0-0: Swinging Strike 0-1: Ball 1-1: Ball 2-1: DOUBLE (Line Drive, 8RXD, EV 103.1 MPH)
|
Batting: LHB J.P. Olson
|
0-0: Called Strike 0-1: Fly out, F8 (Flyball, 89M, EV 97.5 MPH)
|
Batting: RHB Doug Kennie
|
0-0: Ball 1-0: Ball 2-0: Foul Ball, location: 2F 2-1: Ball 3-1: Swinging Strike 3-2: Foul Ball, location: 2F 3-2: Fly out, F6 (Popup, 4S, EV 75.0 MPH)
|
Batting: LHB Pong-keun Koh
|
0-0: Ball 1-0: Ball 2-0: Called Strike 2-1: Swinging Strike 2-2: Strikes out swinging
|
Bottom of the 8th over - 0 runs, 1 hit, 0 errors, 1 left on base; Altoona 2 - San Jose 10 |
TOP OF THE 9TH |
Altoona Curve batting - Pitching for San Jose Giants : LHP Tommy McCusker
|
Batting: RHB Killian Jones
|
0-0: Called Strike 0-1: Ball 1-1: Ball 2-1: Called Strike 2-2: Ball 3-2: Foul Ball, location: 2F 3-2: Base on Balls
|
Pitching: LHP Kyle Worford
|
|
Batting: RHB Nelson Ozuna
|
0-0: Ball 1-0: Ball 2-0: Foul Ball, location: 2F 2-1: SINGLE (Line Drive, 56, EV 95.6 MPH) Killian Jones to second
|
Batting: RHB John Goynes
|
0-0: Called Strike 0-1: Foul Ball, location: 2F 0-2: SINGLE (Line Drive, 4MD, EV 99.4 MPH) Killian Jones to third Nelson Ozuna to second
|
Batting: LHB Micah Boshnjaku
|
0-0: Ball 1-0: Ball 2-0: Ball 3-0: Called Strike 3-1: Called Strike 3-2: SINGLE (Groundball, 4, EV 103.8 MPH) Killian Jones scores Nelson Ozuna to third John Goynes to second
|
Pinch Hitting: RHB Chris Pozzi
|
0-0: Swinging Strike 0-1: Ball 1-1: Ball Wild Pitch! Nelson Ozuna scores John Goynes to third Micah Boshnjaku to second 2-1: Called Strike 2-2: Ball 3-2: Strikes out swinging
|
Pitching: RHP Brian Yinger
|
|
Batting: RHB Brian Moore
|
0-0: Ball 1-0: DOUBLE (Groundball, 5L, EV 103.1 MPH) John Goynes scores Micah Boshnjaku scores
|
Batting: LHB Jesse Henly
|
0-0: Ball 1-0: Ball 2-0: SINGLE (Groundball, 5S, EV 63.8 MPH) (infield hit) Brian Moore to third
|
Pitching: RHP Takashi Kino
|
|
Batting: LHB Aito Harada
|
0-0: Called Strike 0-1: Ball 1-1: Swinging Strike 1-2: Foul Ball, location: 2F 1-2: Strikes out looking
|
Batting: RHB Keiji Nakajima
|
0-0: Ball 1-0: Called Strike 1-1: Ball 2-1: Ball 3-1: Foul Ball, location: 2F 3-2: Ground out 6-3 (Groundball, 6, EV 91.9 MPH)
|
Top of the 9th over - 4 runs, 5 hits, 0 errors, 2 left on base; Altoona 6 - San Jose 10 |
|